 Dungeon Crawl Stone Soup version 0.17-a0-1311-gbcbd859 (webtiles) character file.

48592 nuthulu the Peltast (level 14, -2/101 HPs)
             Began as a Gargoyle Fighter on June 8, 2015.
             Was the Champion of Okawaru.
             Slain by a death yak (6 damage)
             ... on level 8 of the Lair of Beasts.
             The game lasted 01:22:26 (19584 turns).

nuthulu the Peltast (Gargoyle Fighter)             Turns: 19584, Time: 01:22:27

Health: -2/101     AC: 52    Str: 25    XL:     14   Next: 47%
Magic:  18/18      EV:  8    Int:  9    God:    Okawaru [******]
Gold:   1193       SH: 16    Dex:  9    Spells: 0 memorised, 13 levels left

rFire  + . .     SeeInvis +     U - +10 trident of nuthulu's Execution {elec, +Blink rF- rC+ rN+}
rCold  + . .     Clarity  +     D - +15 Maxwell's patent armour {-Cast -Tele rElec MR+ rCorr}
rNeg   + + .     SustAt   .     c - +2 shield
rPois  ∞         Gourm    .     o - +2 helmet
rElec  +         Spirit   .     R - +1 cloak {+Inv}
rCorr  +         Warding  .     h - +1 pair of gloves
rMut   .         NoTele   +     J - +0 pair of boots
MR     ++...     NoCast   +     O - amulet of Imopad {Clar rF+}
Stlth  ..........               I - ring of see invisible
                                m - ring of protection from fire

@: flying, very slightly contaminated, studying Polearms, invisible (expiring),
very resistant to hostile enchantments, extremely unstealthy
A: big wings, rugged brown scales 1, thin metallic scales 1, clarity,
deterioration 1, negative energy resistance 1, robust 1, electricity resistance,
unbreathing, petrification resistance, rot immunity, AC +9
a: Stop Flying, Heroism, Finesse, Renounce Religion, Evoke Blink, Turn Visible


You were on level 8 of the Lair of Beasts.
You worshipped Okawaru.
Okawaru was exalted by your worship.
You were not hungry.

You visited 3 branches of the dungeon, and saw 19 of its levels.
You also visited: Sewer.

You collected 1193 gold pieces.

Inventory:

Hand weapons
 a - a +2 flail of protection
 P - a +5 morningstar of protection
 U - the +10 trident of nuthulu's Execution (weapon) {elec, +Blink rF- rC+ rN+}
   (You found it on level 4 of the Lair of Beasts)

   Occasionally, upon striking a foe, it will discharge some electrical energy
   and cause terrible harm.
   It makes you vulnerable to fire.
   It protects you from cold.
   It protects you from negative energy.
   It lets you blink.
Armour
 c - a +2 shield (worn)
 h - a +1 pair of gloves (worn)
 o - a +2 helmet (worn)
 x - the +1 chain mail of Fedhas's Delight {rN++ Stlth+}
   (You found it on level 6 of the Dungeon)

   It greatly protects you from negative energy.
   It makes you more stealthy.
 D - the +15 Maxwell's patent armour (worn) {-Cast -Tele rElec MR+ rCorr}
   (You found it on level 9 of the Dungeon)

   It insulates you from electricity.
   It affects your resistance to hostile enchantments.
   It prevents spellcasting.
   It prevents most forms of teleportation.
   It protects you from acid and corrosion.
 E - a +0 plate armour of poison resistance
 J - a +0 pair of boots (worn)
 R - a +1 cloak of invisibility (worn)
Jewellery
 m - a ring of protection from fire (left hand)
 q - an uncursed ring of stealth
 I - a ring of see invisible (right hand)
 K - an uncursed ring of fire
 O - the amulet of Imopad (around neck) {Clar rF+}
   (You found it on level 3 of the Lair of Beasts)

   [amulet of clarity]

   It provides mental clarity.
   It protects you from fire.
 V - an uncursed amulet of rage
Magical devices
 r - a wand of teleportation (6)
 t - a wand of frost (16)
 y - a wand of draining (5)
 A - a wand of confusion (24)
 B - a wand of fire (6)
 F - a wand of cold (1)
 G - a wand of fire (5)
 L - a wand of polymorph (11)
 S - a wand of teleportation (3)
Scrolls
 b - 3 scrolls of magic mapping
 g - 5 scrolls of teleportation
 l - 8 scrolls of remove curse
 p - 5 scrolls of fear
 s - a scroll of fog
 u - 2 scrolls of blinking
 v - 5 scrolls of identify
 z - 5 scrolls of recharging
 C - 3 scrolls of brand weapon
Potions
 d - 2 potions of cancellation
 f - a potion of haste
 i - 5 potions of lignification
 k - 9 potions of curing
 n - 7 potions of flight
 w - a potion of invisibility
 H - 2 potions of magic
 N - a potion of brilliance
 Q - 2 potions of agility
 X - a potion of might
 Y - a potion of berserk rage
 Z - a potion of cure mutation
Books
 T - a manual of Polearms
Comestibles
 e - 7 bread rations
 j - 6 meat rations
 M - 2 beef jerkies
 W - 12 fruits


   Skills:
 * Level 11.4 Fighting
 - Level 11.5 Maces & Flails
 * Level 7.5 Polearms
 * Level 10.8 Armour
 - Level 2.0 Dodging
 - Level 0.8 Stealth
 * Level 16.3 Shields
 * Level 5.5 Invocations


You had 13 spell levels left.
You didn't know any spells.

Dungeon Overview and Level Annotations

Branches:
Dungeon (10/15)            Temple (1/1) D:4            Lair (8/8) D:10
  Swamp (0/4) Lair:6       Spider (0/4) Lair:5          Orc (0/4) D:9
  Slime: Lair:6-8

Altars:
Ashenzari
Cheibriados
Dithmenos
Elyvilon
Fedhas
Gozag
Kikubaaqudgha
Makhleb
Nemelex Xobeh
Okawaru
Qazlal
Ru
Sif Muna
Trog
Vehumet
Xom
Yredelemnul
Zin
The Shining One
Beogh

Shops:
D:9 (*

Portals:
Ice
Cave: Lair:8


Innate Abilities, Weirdness & Mutations

You are resistant to torment.
Your stone body is resilient (AC +9).
You are immune to poison.
Your large and strong wings let you fly indefinitely.
You resist negative energy.
You are resistant to electric shocks.
You can survive without breathing.
You are immune to petrification.
You are immune to rotting.
You are partially covered in rugged brown scales (AC +1, +3% HP).
You are partially covered in thin metallic scales (AC +2).
You possess an exceptional clarity of mind.
Your body sometimes deteriorates upon taking damage.
You are robust (+10% HP).


Message History

You hit the ice beast.
The ice beast is heavily wounded.
You block the death yak's attack. The ice beast barely misses you.
You block the death yak's attack. The death yak gores you!
* * * LOW HITPOINT WARNING * * *
The death yak gores you but does no damage. x2
Unknown command.
You closely miss the ice beast.
The ice beast is heavily wounded.
You flicker for a moment.
You block the ice beast's attack. You block the death yak's attack.
You block the ice beast's attack. You block the death yak's attack.
Unknown command.
You puncture the ice beast!
The ice beast is almost dead.
The death yak barely misses you. You block the death yak's attack.
You block the ice beast's attack. The ice beast barely misses you.
The ice beast hits you but does no damage.
The death yak gores you.
You die...

,,,,,*,,,,........#.#.....PPP....
,,,****,,.....∩.....P......./P#..
,*** **,........................
,* **.........P#.)........... **
*#.......................
#......Yr...............
**#...Yrrr...........^..
#..rYYYY............♣.
##.YY@YY.....(....♣♣♣♣
*#..FrYY..%........♣
*#P..Frrr..........♣♣♣♣♣ * ****
#.....rr...........♣ ♣.. * **,,*
#..................♣ ♣.. ***,,,*
#................,,***..
,,,,,,***#..............P,*,,**,,
,,,,,,,*,...............,,,****,,
,,,,***,,,,,,,,,,,,,,,,,,,,** ♣,,


You could see 5 death yaks, 2 spiny frogs, 7 ice beasts and 11 river rats.

Vanquished Creatures
  Rupert (Lair:4)
  Gastronok (D:9)
  Kirke (Lair:7)
  Maud (Lair:7)
  Josephine (Lair:5)
  2 hydras
  Erica (D:9)
  5 death yaks
  4 lindwurms (Lair:4)
  Pikel (D:8)
  3 hill giants (D:10)
  6 elephants (Lair:8)
  4 black mambas
  5 spiny frogs
  Psyche (D:8)
  7 komodo dragons
  A fire drake (Lair:1)
  A troll (D:10)
  16 blink frogs
  A boulder beetle (Lair:5)
  4 wraiths (Lair:5)
  The ghost of Baka the Covert, an average VSAs (D:4)
  2 spriggans
  A wyvern (Lair:4)
  Eustachio (D:4)
  5 hippogriffs
  62 yaks
  3 basilisks
  4 wolves
  15 porcupines
  Duvessa (D:5)
  A wasp (D:8)
  9 spiders (Lair:5)
  14 water moccasins
  2 orc warriors (D:9)
  A black bear (D:9)
  3 ice beasts
  6 ogres
  17 giant frogs
  11 crocodiles
  A big kobold (D:10)
  A scorpion (D:9)
  A wyvern zombie (D:7)
  8 killer bees
  Dowan (D:5)
  5 electric eels
  10 wights
  2 hounds
  5 crimson imps
  2 jellies
  A giant frog zombie (D:8)
  12 orc priests
  A giant frog skeleton (D:10)
  A siren (Sewer)
  5 iguanas
  A merfolk avatar (Sewer)
  11 worker ants
  A killer bee zombie (D:9)
  7 orc wizards
  18 sheep
  Robin (D:3)
  43 river rats
  6 adders
  4 gnolls (D:4)
  2 shadow imps (D:5)
  An ooze (D:4)
  An adder skeleton (D:5)
  3 worms
  7 giant geckos
  53 orcs
  A bat skeleton (D:4)
  11 giant cockroaches
  14 goblins
  19 hobgoblins
  9 ball pythons
  18 bats
  A giant gecko skeleton (D:8)
  A giant gecko zombie (D:5)
  8 giant newts
  A jackal skeleton (D:7)
  20 kobolds
  3 quokkas
  31 rats
578 creatures vanquished.

Vanquished Creatures (others)
  2 humans (Lair:7)
  3 fungi (Lair:2)
  A plant (D:10)
6 creatures vanquished.

Grand Total: 584 creatures vanquished

Notes
Turn   | Place    | Note
--------------------------------------------------------------
     0 | D:1      | nuthulu the Gargoyle Fighter began the quest for the Orb.
     0 | D:1      | Reached XP level 1. HP: 14/14 MP: 1/1
   267 | D:1      | Reached XP level 2. HP: 19/19 MP: 2/2
   696 | D:2      | Reached XP level 3. HP: 23/23 MP: 3/3
   702 | D:2      | Reached skill level 4 in Armour
   711 | D:2      | Gained mutation: You are agile. (Dex +2) [potion of mutation]
   711 | D:2      | Gained mutation: You can spit weak poison. [potion of mutation]
   711 | D:2      | Gained mutation: You expend magic power (3 MP) to strengthen your wands. [potion of mutation]
  1202 | D:2      | Reached XP level 4. HP: 27/29 MP: 4/4
  1577 | D:3      | Found a shadowy altar of Dithmenos.
  1631 | D:3      | Found a sacrificial altar of Ru.
  1660 | D:3      | Noticed Robin
  1670 | D:3      | Killed Robin
  1847 | D:3      | Reached XP level 5. HP: 18/33 MP: 5/5
  1853 | D:3      | Found a glowing drain.
  1860 | Sewer    | Entered a sewer
  2193 | Sewer    | Reached skill level 1 in Dodging
  2244 | Sewer    | Noticed a drowned soul
  2245 | Sewer    | Noticed a drowned soul
  2245 | Sewer    | Noticed a drowned soul
  2245 | Sewer    | Noticed a drowned soul
  2246 | Sewer    | Noticed a drowned soul
  2248 | Sewer    | Killed a drowned soul
  2248 | Sewer    | Killed a drowned soul
  2249 | Sewer    | Killed a drowned soul
  2249 | Sewer    | Killed a drowned soul
  2250 | Sewer    | Noticed a drowned soul
  2251 | Sewer    | Noticed a drowned soul
  2253 | Sewer    | Noticed a drowned soul
  2253 | Sewer    | Noticed a drowned soul
  2253 | Sewer    | Killed a drowned soul
  2253 | Sewer    | Killed a drowned soul
  2254 | Sewer    | Noticed a drowned soul
  2255 | Sewer    | Noticed a drowned soul
  2255 | Sewer    | Noticed a drowned soul
  2255 | Sewer    | Reached skill level 5 in Shields
  2255 | Sewer    | Reached XP level 6. HP: 30/39 MP: 6/6
  3205 | D:4      | Noticed Baka's ghost (average VSAs)
  3215 | D:4      | Killed Baka's ghost
  3215 | D:4      | Reached skill level 5 in Armour
  3215 | D:4      | Reached XP level 7. HP: 44/44 MP: 7/7
  3277 | D:4      | You fall through a shaft for 3 floors!
  3509 | D:6      | Reached skill level 5 in Fighting
  3575 | D:6      | Reached skill level 6 in Shields
  3683 | D:6      | Reached XP level 8. HP: 49/49 MP: 8/8
  3739 | D:6      | Got a warped chain mail
  3740 | D:6      | Identified the +1 chain mail of Fedhas's Delight {rN++ Stlth+} (You found it on level 6 of the Dungeon)
  3780 | D:5      | Entered Level 5 of the Dungeon
  4012 | D:5      | Noticed Duvessa
  4017 | D:5      | Noticed Dowan
  4203 | D:5      | Killed Dowan
  4219 | D:5      | Killed Duvessa
  4219 | D:5      | Reached skill level 7 in Shields
  4628 | D:5      | Found a shimmering altar of Xom.
  4630 | D:5      | Reached skill level 5 in Maces & Flails
  4645 | D:5      | Found an ancient bone altar of Kikubaaqudgha.
  4726 | D:4      | Noticed Eustachio
  4912 | D:4      | Killed Eustachio
  5075 | D:4      | Reached XP level 9. HP: 51/55 MP: 9/9
  5365 | D:4      | Found a staircase to the Ecumenical Temple.
  5371 | Temple   | Entered the Ecumenical Temple
  5416 | Temple   | Became a worshipper of Warmaster Okawaru
  5736 | D:5      | Reached skill level 8 in Shields
  6749 | D:7      | Acquired Okawaru's first power
  6916 | D:7      | Reached skill level 9 in Shields
  7448 | D:8      | Noticed Psyche
  7455 | D:8      | Killed Psyche
  7455 | D:8      | Reached XP level 10. HP: 63/63 MP: 10/10
  7788 | D:8      | Noticed Pikel
  7789 | D:8      | Reached skill level 10 in Shields
  7802 | D:8      | Killed Pikel
  8325 | D:9      | Found a shimmering altar of Xom.
  8338 | D:9      | Noticed Gastronok
  8362 | D:9      | Killed Gastronok
  8362 | D:9      | Reached skill level 11 in Shields
  8385 | D:9      | Gained mutation: You are partially covered in thin metallic scales (AC +2). [potion of mutation]
  8385 | D:9      | Gained mutation: You possess an exceptional clarity of mind. [potion of mutation]
  8385 | D:9      | Lost mutation: You are agile. (Dex +2) [potion of mutation]
  8610 | D:9      | Found Woippon's General Store.
  8882 | D:9      | Found a roughly hewn altar of Beogh.
  8882 | D:9      | Found a staircase to the Orcish Mines.
  8982 | D:9      | Reached XP level 11. HP: 57/68 MP: 11/11
  9084 | D:9      | Found Beuprirgh's Antique Weapon Boutique.
  9141 | D:9      | Noticed Erica
  9162 | D:9      | Killed Erica
  9659 | D:10     | Entered Level 10 of the Dungeon
  9664 | D:10     | Noticed a hill giant
  9680 | D:10     | Killed a hill giant
  9680 | D:10     | Reached skill level 12 in Shields
  9884 | D:10     | Found a staircase to the Lair.
 10316 | D:10     | Noticed a hill giant
 10330 | D:10     | Killed a hill giant
 10565 | D:10     | Noticed a hill giant
 10592 | D:10     | Killed a hill giant
 11046 | Lair:1   | Entered Level 1 of the Lair of Beasts
 11071 | Lair:1   | Acquired Okawaru's second power
 12014 | Lair:1   | Reached skill level 13 in Shields
 12441 | Lair:2   | Reached XP level 12. HP: 25/76 MP: 10/12
 13284 | Lair:2   | Reached skill level 10 in Maces & Flails
 13502 | Lair:2   | Reached skill level 1 in Invocations
 13790 | Lair:3   | Lost mutation: You expend magic power (3 MP) to strengthen your wands. [potion of cure mutation]
 13790 | Lair:3   | Lost mutation: You can spit weak poison. [potion of cure mutation]
 14338 | Lair:3   | Got a shimmering crystal amulet
 14341 | Lair:3   | Identified the amulet of Imopad {Clar rF+} (You found it on level 3 of the Lair of Beasts)
 14654 | Lair:4   | Reached skill level 14 in Shields
 14765 | Lair:4   | Noticed a seven-headed hydra
 14779 | Lair:4   | Killed a seven-headed hydra
 14834 | Lair:4   | Noticed Rupert
 14894 | Lair:4   | Killed Rupert
 14894 | Lair:4   | Received a gift from Okawaru
 14921 | Lair:4   | Reached skill level 10 in Fighting
 14921 | Lair:4   | Reached XP level 13. HP: 20/82 MP: 10/15
 15176 | Lair:4   | Found an iron altar of Okawaru.
 15182 | Lair:4   | Gained mutation: You are robust (+10% HP). [potion of mutation]
 15182 | Lair:4   | Gained mutation: Your body sometimes deteriorates upon taking damage. [potion of mutation]
 15182 | Lair:4   | Gained mutation: You are partially covered in rugged brown scales (AC +1, +3% HP). [potion of mutation]
 15386 | Lair:4   | Received a gift from Okawaru
 15891 | Lair:4   | Reached skill level 10 in Armour
 16015 | Lair:4   | Got a slimy ivory amulet
 16025 | Lair:4   | Got an ichor-stained trident
 16026 | Lair:4   | Identified the +10 trident of nuthulu's Execution {elec, +Blink rF- rC+ rN+} (You found it on level 4 of the Lair of Beasts)
 16027 | Lair:4   | Identified the amulet of Puppedo {Inacc *Confuse Int+8} (You found it on level 4 of the Lair of Beasts)
 16413 | Lair:5   | Noticed Josephine
 16425 | Lair:5   | Killed Josephine
 16527 | Lair:5   | Found a hole to the Spider Nest.
 16539 | Lair:5   | Reached skill level 15 in Shields
 16719 | Lair:5   | Reached skill level 1 in Polearms
 17413 | Lair:6   | Received a gift from Okawaru
 17567 | Lair:6   | Received a gift from Okawaru
 17840 | Lair:6   | Found a staircase to the Swamp.
 17969 | Lair:6   | Reached skill level 5 in Polearms
 18142 | Lair:6   | Gained mutation: Your large and strong wings let you fly indefinitely. [Gargoyle growth]
 18142 | Lair:6   | Reached XP level 14. HP: 88/101 MP: 17/17
 18506 | Lair:7   | Reached skill level 5 in Invocations
 18591 | Lair:7   | Noticed Maud
 18617 | Lair:7   | Killed Maud
 18617 | Lair:7   | Received a gift from Okawaru
 18874 | Lair:7   | Noticed Kirke
 18884 | Lair:7   | Killed Kirke
 18884 | Lair:7   | Reached skill level 16 in Shields
 19242 | Lair:8   | Entered Level 8 of the Lair of Beasts
 19539 | Lair:8   | Found a frozen archway.
 19582 | Lair:8   | HP: 3/101 [death yak (11)]
 19584 | Lair:8   | Slain by a death yak

Vault maps used:
D:1:      ncdulo_wetmaze
D:3:      nicolae_ru_path_of_blood, nicolae_dithmenos_shadow_blocks,
          serial_co_window_serial, co_window_of_opportunity_a,
          co_window_corner_a, co_window_paths_a, co_window_paths_a,
          co_window_paths_b, co_window_cross_1, co_window_cross_1,
          co_window_corner_b, co_window_broadway_b, co_window_unsneaky_path_b,
          co_window_unsneaky_path_d, co_window_paths_e, glass_columns_a,
          glass_columns_a, glass_columns_a, glass_columns_a,
          portal_sewer_entry_e, uniq_crazy_yiuf_cottage, uniq_robin
D:4:      minmay_temple_entry_fiery, uniq_eustachio
D:5:      grunt_temple_overflow_open, first_bread, minmay_strange_pillars,
          uniq_duvessa
D:8:      uniq_pikel, uniq_psyche
D:9:      david_orc_5, basic_altar, serial_shops, nicolae_shop_stone,
          shop_statue, uniq_erica, uniq_gastronok
D:10:     david_lair_shrubbed, the_bakery
Temple:   eino_wide_crystal_templ_15
Lair:1:   enter_volcano_3, grunt_megastairs_2, serial_bayou_shore_b
Lair:3:   grunt_forest_large_clearing_hut
Lair:4:   basic_altar, minmay_lindwurm_lava, uniq_rupert
Lair:5:   nicolae_spider_entry_tight_spaces, grunt_forest_small_clearings,
          uniq_josephine
Lair:6:   minmay_swamp_entry_eels, grunt_megastairs_3
Lair:7:   disabler_island, uniq_maud, uniq_kirke
Lair:8:   evilmike_catoblepas_cave, minmay_slime_entry_oklob_enclosed,
          portal_ice_cave_entry_ice_beasts, serial_bayou_shore_a,
          bh_autumn_forest_stairs
Sewer:    sewer_sea

Action                   |  1- 3 |  4- 6 |  7- 9 | 10-12 | 13-15 || total
-------------------------+-------+-------+-------+-------+-------++-------
Melee: Flail             |   121 |   297 |   558 |  1118 |     3 ||  2097
       Trident           |       |       |       |       |   588 ||   588
       Morningstar       |       |       |       |       |   217 ||   217
Invok: Heroism           |       |       |       |     4 |     1 ||     5
       Finesse           |       |       |       |     1 |     1 ||     2
 Abil: Fly               |       |       |       |       |     1 ||     1
       Evoke Invisibilit |       |       |       |       |     1 ||     1
  Use: Scroll            |     5 |     4 |    12 |     9 |    10 ||    40
       Potion            |     7 |     1 |     9 |     9 |     4 ||    30
 Stab: Distracted        |       |       |       |     1 |       ||     1
       Invisible         |       |       |       |     5 |     4 ||     9
  Eat: Chunk             |     1 |     7 |     6 |    13 |     1 ||    28
       Bread ration      |       |       |     1 |     2 |     3 ||     6
       Meat ration       |       |       |     1 |       |     1 ||     2
       Fruit             |       |       |     1 |     2 |       ||     3
       Beef jerky        |       |       |       |     1 |       ||     1
